[Event "*** SCC Grand Prix: Titled Tuesday Blitz"]
[Site "Chess.com"]
[Date "2020.10.13"]
[Round "3"]
[White "Tooweak2slow03"]
[Black "PotapovaM"]
[Result "1-0"]
[WhiteElo "2761"]
[BlackElo "2530"]
[TimeControl "180+1"]
[EndTime "10:29:30 PDT"]
[Termination "Tooweak2slow03 won by resignation"]

1. e4 c5 2. Nf3 d6 3. d4 cxd4 4. Nxd4 Nf6 5. Nc3 a6 6. a3 Nc6 7.
Nxc6 bxc6 8. e5 dxe5 9. Qxd8+ Kxd8 10. Na4 Bf5 11. Be3 Nd5 12. O-O-O Kc7 13. Bc5 e6 14. c4 Bxc5 15. Nxc5 Nf6 16. f3 a5 17. g4 Bg6 18. g5 Nh5 19. Rd7+ Kc8 20. Bh3 Nf4 21. Rhd1 Ne2+ 22. Kd2 Nd4 23. Kc3 Ne2+ 24. Kd2 Nd4 25. Kc3 Ne2+ 26. Kb3 a4+ 27. Kb4 Nd4 28. f4 Rb8+ 29. Ka5 Ra8+ 30. Kb6 Rb8+ 31. Ka6 Ra8+ 32. Ra7 Rxa7+ 33. Kxa7 Kc7 34. fxe5 Rd8 35. Na6+ Kc8 36. Kb6 Nf3 37. Rd6 Nxe5 38. Rxd8+ Kxd8 39. Bf1 f5 40. Nb8 Be8 41. Kc5 f4 42. Kd6 Nf7+ 43.
Kxe6 Nxg5+ 44. Kf5 Nf7 45. Kxf4 Kc7 46. Na6+ Kb6 47.
c5+ Kb7 48. Kf5 Bd7+ 49. Ke4 Nd8 50. Nb4 Ne6 51. Nd3 Ng5+ 52. Kf4 g6 53. Kxg5 1-0

[Event "*** SCC Grand Prix: Titled Tuesday Blitz"]
[Site "Chess.com"]
[Date "2020.10.13"]
[Round "3"]
[White "Ladislav1969"]
[Black "chesslh19"]
[Result "1/2-1/2"]
[WhiteElo "2370"]
[BlackElo "2223"]
[TimeControl "180+1"]
[EndTime "10:29:33 PDT"]
[Termination "Game drawn - insufficient material"]

1. e4 e5 2. Bc4 Nf6 3. d3 c6 4.
Nf3 d5 5. Bb3 Bd6 6. Nc3 Be6 7.
O-O O-O 8. Bg5 d4 9. Ne2 Bxb3 10. axb3 Nbd7 11. Ng3 Re8 12. Nf5 Bf8 13. Nd2 Nc5 14. f4 exf4 15. Rxf4 Ne6 16. Bxf6 Qxf6 17. Rf3 Qd8 18.
Nc4 g6 19. Ng3 Bg7 20. Qe2 a6 21. Raf1 Re7 22. Qf2 Qc7 23. e5 Rf8 24. Ne4 Rd7 25.
Nf6+ Bxf6 26. exf6 b5 27. Nd2 Rd5 28. Ne4 Ng5 29.
Qh4 Nxf3+ 30. Rxf3 h5 31. Qf4 Qxf4 32. Rxf4 Rf5 33.
Rxf5 gxf5 34. Ng3 Ra8 35. Nxf5 Kf8 36. Nxd4 a5 37. Nxc6 Ra6 38. Nd4 a4 39. Nxb5 axb3 40. cxb3 Rxf6 41. Nd4 Rb6 42. Kf2 Ke7 43. Ke3 Kd6 44. Ke4 Rb4 45. Ke3 Kc5 46. Ne2 Rxb3 47. Nc3 Kd6 48. Nd1 Kd5 49. g3 Rb8 50. Nc3+ Kc5 51.
Kf4 h4 52. gxh4 Kd4 53. h5 Kxd3 54. h6 Rxb2 55. h4 Rb6 56. Kg5 f6+ 57. Kf5 Kxc3 58.
h7 Rb5+ 59. Kxf6 Rh5 60. Kg7 Rxh4 61. Kg6 Rxh7 62. Kxh7 1/2-1/2

[Event "*** SCC Grand Prix: Titled Tuesday Blitz"]
[Site "Chess.com"]
[Date "2020.10.13"]
[Round "3"]
[White "IngOscarArdila"]
[Black "Azatic"]
[Result "0-1"]
[WhiteElo "2138"]
[BlackElo "2495"]
[TimeControl "180+1"]
[EndTime "10:29:34 PDT"]
[Termination "Azatic won by resignation"]

1. d4 Nf6 2. c4 g6 3. Nc3 Bg7 4. e4 O-O 5. Nf3 d6 6. Be2 e5 7. d5 Na6 8. O-O Nc5 9. Bg5 h6 10. Bxf6 Qxf6 11. b4 Na6 12. Qb3 Qe7 13. c5 dxc5 14.
Bxa6 bxa6 15. bxc5 Qxc5 16. Rac1 Qd6 17. Na4 Bg4 18. Nc5 Rab8 19. Qc3 Rb5 20. a4 Rb6 21.
Nd2 Rfb8 22. f3 Bc8 23. Qe3 Bf8 24. Nd3 Qd7 25. Rc4 a5 26. Rfc1 Ba6 27. Rxc7 Qxa4 28. Nxe5 R6b7 29. Nxf7 Rxc7 30. Rxc7 Rc8 31. Nxh6+ Bxh6 32. Rxc8+ Bxc8 33. Qxh6 Qd1+ 34. Kf2 Kf7 35. e5 Bf5 36.
e6+ Kf6 37. h4 a4 38. Qg5+ Kg7 39. e7 Bd7 40. h5 Kf7 41. hxg6+ Kg7 42. d6 a3 43.
Qe5+ Kh6 44. Ne4 Qc2+ 45. Kg3 Qc1 46. Qh8+ Kxg6 47. Qf6+ Kh5 48. Qg5+ Qxg5+ 49. Nxg5 Kxg5 50. f4+ Kf6 0-1

[Event "*** SCC Grand Prix: Titled Tuesday Blitz"]
[Site "Chess.com"]
[Date "2020.10.13"]
[Round "3"]
[White "mr65"]
[Black "norwaytoadog"]
[Result "0-1"]
[WhiteElo "2148"]
[BlackElo "2318"]
[TimeControl "180+1"]
[EndTime "10:29:37 PDT"]
[Termination "norwaytoadog won on time"]

1. e4 c5 2. Nf3 d6 3. d4 cxd4 4.
Nxd4 Nf6 5. Nc3 a6 6. f4 e5 7. Nf3 Nbd7 8. Bd3 Be7 9. a4 exf4 10. Bxf4 Nc5 11. O-O O-O 12. Kh1 Bg4 13. Qe1 Bh5 14.
Rd1 Ne6 15. Be3 Qa5 16. Nd5 Qd8 17. Nxe7+ Qxe7 18. Qh4 Bg6 19. Ng5 Nd7 20. e5 Nxg5 21. Bxg5 Qxe5 22. Bxg6 hxg6 23. Rd3 f6 24. Bf4 Qf5 25.
Qf2 Ne5 26. Bxe5 Qxf2 27. Rxf2 dxe5 28. Rd7 Rad8 29. Rfd2 Rxd7 30. Rxd7 Rf7 31. Rd8+ Kh7 32. Kg1 g5 33. g4 Rc7 34. c3 Rc4 35. h3 Rxa4 36. Rd7 b5 37. Kf2 Kg6 38. Kf3 Ra2 39.
Rd2 Kf7 40. Rd7+ Ke6 41. Rd2 a5 42. Re2 a4 43. Ke3 g6 44. Kd3 f5 45. gxf5+ gxf5 46. Rg2 e4+ 47. Kd4 a3 48. Rxg5 axb2 49. Rg6+ Kf7 0-1

[Event "*** SCC Grand Prix: Titled Tuesday Blitz"]
[Site "Chess.com"]
[Date "2020.10.13"]
[Round "3"]
[White "Chessbard1972"]
[Black "Gusarov91"]
[Result "0-1"]
[WhiteElo "2383"]
[BlackElo "2580"]
[TimeControl "180+1"]
[EndTime "10:29:38 PDT"]
[Termination "Gusarov91 won by checkmate"]

1. d4 Nf6 2. c4 c5 3. d5 b5 4. cxb5 d6 5. Nc3 g6 6. Nf3 a6 7.
b6 Qxb6 8. Nd2 Bg7 9. Nc4 Qc7 10.
e4 O-O 11. a4 Nbd7 12. a5 Rb8 13. Be2 Rd8 14. O-O Nf8 15. Bf4 Bd7 16. Nb6 Bc8 17. h3 N8d7 18. Nc4 Rb4 19. Qc2 h6 20. Rfe1 g5 21.
Bg3 Bb7 22. Bf1 Nh5 23. Bh2 Nf4 24. Bxf4 gxf4 25. Na4 Ne5 26. Nab6 Nxc4 27. Nxc4 e6 28. Rad1 e5 29. Be2 Rb8 30. Nb6 Bc8 31. b3 Kh8 32.
Bc4 Bf6 33. Qe2 Kh7 34. Rd3 Bb7 35. Rc3 Rg8 36. Bxa6 Bh4 37. Bc4 Bc8 38. Kh1 Bd7 39. Ra1 Rg7 40. Nxd7 Qxd7 41. a6 Qa7 42. Qh5 Bxf2 43. Qf5+ Kh8 44. Rf3 Bd4 45. Qf6 Bxa1 46. Qxh6+ Kg8 47. Qxd6 Rxc4 48. bxc4 Rg6 49. Qd8+ Kg7 50.
Qc8 Qxa6 51. Qxc5 Bd4 52. Qc7 Qa1+ 53. Kh2 Qg1# 0-1

[Event "*** SCC Grand Prix: Titled Tuesday Blitz"]
[Site "Chess.com"]
[Date "2020.10.13"]
[Round "3"]
[White "WuinaterJr"]
[Black "Misticpikachu"]
[Result "1-0"]
[WhiteElo "2533"]
[BlackElo "2293"]
[TimeControl "180+1"]
[EndTime "10:29:39 PDT"]
[Termination "WuinaterJr won on time"]

1. d4 d5 2. c4 e6 3. Nf3 Nf6 4. g3 Be7 5. Bg2 O-O 6. O-O dxc4 7. Qc2 a6 8. a4 Bd7 9. Qxc4 Bc6 10. Nc3 b5 11. Qd3 b4 12. Nb1 Be4 13. Qd1 c5 14.
Nbd2 Bb7 15. dxc5 Bxc5 16. Nb3 Bb6 17. Bg5 a5 18. Rc1 Nbd7 19. Qd6 h6 20. Bxf6 Nxf6 21. Qxd8 Rfxd8 22. e3 Rac8 23. Nfd4 Bxd4 24. Nxd4 Rxc1 25.
Rxc1 Rc8 26. Rxc8+ Bxc8 27. Nc6 Bd7 28. Nxa5 Bxa4 29.
Kf1 Kf8 30. Ke2 Bb5+ 31. Kd2 Ke7 32. Bc6 Ba6 33. f4 Kd6 34. Bf3 Kc5 35. Nb3+ Kb6 36. Nd4 Bc4 37. Nc2 Kc5 38. e4 e5 39. Ne3 Nd7 40.
Bg4 Nf6 41. Bf3 Nd7 42. Nf5 exf4 43. gxf4 g6 44. Nxh6 Kd4 45. Ng4 Nc5 46. Nf2 Ba2 47. e5 Be6 48. Bg4 Bxg4 49. Nxg4 Ke4 50. Nh6 Kxf4 51.
Nxf7 Kf5 52. Ke3 Ke6 53. Nh8 Kf5 54. Kd4 Ne6+ 55. Kc4 1-0

[Event "*** SCC Grand Prix: Titled Tuesday Blitz"]
[Site "Chess.com"]
[Date "2020.10.13"]
[Round "3"]
[White "SergeyKarjakin"]
[Black "1977Ivan"]
[Result "1/2-1/2"]
[WhiteElo "2896"]
[BlackElo "2679"]
[TimeControl "180+1"]
[EndTime "10:29:41 PDT"]
[Termination "Game drawn by agreement"]

1. e4 c5 2. Nf3 Nc6 3. Nc3 Nf6 4. Bb5 Nd4 5. O-O Nxb5 6. Nxb5 Nxe4 7. d3 a6 8. dxe4 axb5 9. e5 d5 10. exd6 Qxd6 11.
Qe2 b4 12. Rd1 Qa6 13. Qe5 f6 14. Qxc5 e5 15. Qc7 Be7 16. Be3 Qc6 17. Qxc6+ bxc6 18. Nd2 Be6 19. Ne4 Kf7 20. Bc5 Bd5 21. Nd6+ Ke6 22.
Nb7 Rhb8 23. Bxe7 Rxb7 24. Bc5 Rb5 25. Be3 Rba5 26. a3 bxa3 27. bxa3 Rxa3 28. Rac1 Ra2 29.
c4 Be4 30. Bc5 R8a4 31. g4 Bf3 32. Rd6+ Kf7 33. Rd7+ Kg6 34. h3 h5 35. gxh5+ Bxh5 36. Bf8 Kf5 37. Rxg7 Be2 38. Rc7 Bxc4 39. Rxc6 Bd5 40.
R6c3 Ra1 41. Bc5 Rxc1+ 42. Rxc1 Ra2 43. Be3 Bf3 44. Kh2 Be4 45. Kg3 Ra8 46. h4 Rg8+ 47.
Kh3 Bg2+ 48. Kh2 Bf3 49. Rg1 Rxg1 50. Kxg1 Kg4 51. Bh6 1/2-1/2

[Event "*** SCC Grand Prix: Titled Tuesday Blitz"]
[Site "Chess.com"]
[Date "2020.10.13"]
[Round "3"]
[White "lucachess49"]
[Black "gurelediz"]
[Result "0-1"]
[WhiteElo "2404"]
[BlackElo "2599"]
[TimeControl "180+1"]
[EndTime "10:29:41 PDT"]
[Termination "gurelediz won on time"]

1. d4 Nf6 2. c4 e6 3. Nc3 Bb4 4. e3 O-O 5. Ne2 b6 6. a3 Be7 7. Ng3 Bb7 8. e4 d6 9. Be2 Nbd7 10. O-O e5 11. d5 Ne8 12. Bg4 a5 13. Bxd7 Qxd7 14.
f4 Bf6 15. f5 g6 16. h3 Ng7 17. Qd3 Ba6 18. b3 Kh8 19. Bh6 Qd8 20. Qf3 Bg5 21. Bxg5 Qxg5 22. Rf2 f6 23. Raf1 a4 24. Nxa4 Bxc4 25. bxc4 Rxa4 26. Qe2 Qxg3 27. Rf3 Qg5 28.
Qf2 gxf5 29. h4 Qg4 30. exf5 Qd4 31. Re3 Rxc4 32. Kh1 Nxf5 33. Rf3 Qxf2 34. R1xf2 Rxh4+ 35. Kg1 Nd4 36. Rxf6 Rxf6 37. Rxf6 Kg7 38. Rf2 Rf4 39. Rb2 Rg4 40. a4 h5 41. a5 bxa5 42. Rb7 Kf6 43. Rxc7 Rg7 44. Rc8 Ra7 45. Rd8 Ke7 46. Rh8 Kf6 47.
Rh6+ Kf5 48. Rxd6 a4 49. Rb6 a3 50. d6 a2 51. d7 a1=Q+ 52. Kh2 Rxd7 0-1

[Event "*** SCC Grand Prix: Titled Tuesday Blitz"]
[Site "Chess.com"]
[Date "2020.10.13"]
[Round "3"]
[White "JuliaEfremova"]
[Black "vaishali2001"]
[Result "0-1"]
[WhiteElo "2323"]
[BlackElo "2551"]
[TimeControl "180+1"]
[EndTime "10:29:41 PDT"]
[Termination "vaishali2001 won by checkmate"]

1. d4 d5 2. Bf4 Nf6 3. Nf3 e6 4. e3 Bd6 5. Ne5 c5 6. c3 O-O 7. Nd2 Qc7 8. Bd3 Nc6 9. Ng4 Nxg4 10. Bxd6 Qxd6 11. Qxg4 cxd4 12. exd4 e5 13. Qg3 Qe7 14. dxe5 Nxe5 15. O-O Qf6 16. Bc2 Bf5 17. Bxf5 Qxf5 18. Nb3 Rfe8 19. Rad1 Rad8 20. Nd4 Qf6 21. h3 h5 22. f4 Nc4 23. Rf2 h4 24. Qg5 Qxg5 25. fxg5 Re5 26. Nf5 Rd7 27. g6 fxg6 28. Nxh4 g5 29. Nf3 Rf5 30. Rd4 Kh7 31. Rg4 Kh6 32.
h4 gxh4 33. Rxh4+ Rh5 34. Rxh5+ Kxh5 35. Nd4 Re7 36. Rf5+ g5 37. Rxd5 Re1+ 38. Kf2 Rb1 39. b3 Rb2+ 40. Kg3 Ne3 41. Rd8 Nxg2 42. Nf3 Ne3 43. Rh8+ Kg6 44. Rg8+ Kf6 45. Rf8+ Ke7 46. Rb8 Rxa2 47. Rxb7+ Kf6 48. Rb8 Rg2+ 49. Kh3 g4+ 50. Kh4 Nf5+ 51. Kh5 gxf3 52. Rf8+ Ke5 53. Re8+ Kf4 54.
Re1 Rg5# 0-1

[Event "*** SCC Grand Prix: Titled Tuesday Blitz"]
[Site "Chess.com"]
[Date "2020.10.13"]
[Round "3"]
[White "JiiHart"]
[Black "Mr_Sinigami"]
[Result "0-1"]
[WhiteElo "2076"]
[BlackElo "2491"]
[TimeControl "180+1"]
[EndTime "10:29:41 PDT"]
[Termination "Mr_Sinigami won by resignation"]

1. e4 c5 2. Nf3 e6 3. d4 cxd4 4.
Nxd4 a6 5. Nc3 Qc7 6. g3 Nf6 7. Bg2 Be7 8. O-O O-O 9. h3 Nc6 10. Be3 d6 11. Qe2 Bd7 12. Rad1 b5 13. Nxc6 Bxc6 14.
a3 Qb7 15. Bd4 e5 16. Be3 Nxe4 17. Nxe4 Bxe4 18. f3 Bd5 19. b3 Bc6 20. f4 Rac8 21. Rf2 Rfe8 22. fxe5 dxe5 23. Rdf1 Bxg2 24. Rxg2 Bxa3 25.
Rgf2 f6 26. Qg4 Kh8 27. h4 Bc5 28. Bxc5 Rxc5 29. h5 h6 30. Qg6 Re6 31. Rxf6 Rxf6 32. Rxf6 gxf6 33. Qxh6+ Kg8 34. Qxf6 Rc6 35. Qxe5 Qc7 36.
Qe4 Rxc2 37. Qg6+ Kf8 38. Qf5+ Ke8 39. Qe4+ Kd8 40. Qd3+ Kc8 41. h6 Rc1+ 42. Kh2 Qc2+ 43. Qxc2+ Rxc2+ 44. Kh3 Rc6 45. h7 Rh6+ 46. Kg4 Rxh7 47.
Kf5 a5 48. g4 a4 49. g5 axb3 50. g6 Rg7 0-1

[Event "*** SCC Grand Prix: Titled Tuesday Blitz"]
[Site "Chess.com"]
[Date "2020.10.13"]
[Round "3"]
[White "Sacbutt"]
[Black "PrinceMurad09"]
[Result "0-1"]
[WhiteElo "2302"]
[BlackElo "2533"]
[TimeControl "180+1"]
[EndTime "10:29:42 PDT"]
[Termination "PrinceMurad09 won on time"]

1. e4 c5 2. Nf3 d6 3. d4 cxd4 4. Qxd4 e5 5. Qd3 h6 6. c4 Nf6 7.
Nc3 Be7 8. Be2 O-O 9. O-O Be6 10. b3 Nbd7 11. Bb2 Rc8 12. Rfe1 Nc5 13. Qe3 Ng4 14.
Qd2 f5 15. exf5 Bxf5 16. Rad1 Kh8 17. h3 Nf6 18. Nd5 Nfe4 19. Qe3 Qe8 20. Bd3 Bd8 21. Bxe4 Bxe4 22. Nd2 Bg5 23. Qc3 Bxd5 24. cxd5 Ne4 25. Nxe4 Rxc3 26. Bxc3 Be7 27. Bd2 Qb5 28. Be3 Rc8 29. Rd2 a5 30. Red1 a4 31. bxa4 Qxa4 32. f3 b5 33. Kf2 b4 34. Rb1 Rc2 35. Rb2 Rc1 36. Rd3 Ra1 37. Rdd2 Qa6 38. Kg3 Qb5 39. Rb3 h5 40. Bg5 Bxg5 41. Nxg5 h4+ 42. Kxh4 Qc4+ 43. g4 Qf4 44. Rdb2 Qf6 45. Rxb4 Qh6+ 46. Kg3 Qxg5 47. h4 Qe3 48. Rb8+ Kh7 49. g5 Qf4+ 50. Kg2 Qxh4 51. g6+ Kxg6 0-1

[Event "*** SCC Grand Prix: Titled Tuesday Blitz"]
[Site "Chess.com"]
[Date "2020.10.13"]
[Round "3"]
[White "Angel_Hranitel_37"]
[Black "Morshynska"]
[Result "1-0"]
[WhiteElo "2483"]
[BlackElo "2242"]
[TimeControl "180+1"]
[EndTime "10:29:42 PDT"]
[Termination "Angel_Hranitel_37 won on time"]

1. d4 d5 2. c4 e6 3. Nf3 Nf6 4.
g3 Be7 5. Bg2 O-O 6. O-O b6 7.
Ne5 Bb7 8. Nc3 c5 9. dxc5 bxc5 10. cxd5 exd5 11. Qb3 Qb6 12. Nc4 Qxb3 13. axb3 Nbd7 14. Na5 Rab8 15. Nxb7 Rxb7 16. Nxd5 Nxd5 17. Bxd5 Rb6 18.
Rxa7 Rd6 19. e4 Bf6 20. Bf4 Ne5 21. Rd1 Rfd8 22. Bxe5 Bxe5 23. Bxf7+ Kf8 24. Rxd6 Rxd6 25. Bd5 Bxb2 26. f4 h5 27. Kg2 Bd4 28. Rf7+ Ke8 29. Rb7 Ra6 30. Bf7+ Kf8 31. Bxh5 Ra2+ 32. Kh3 Bg1 33. Bf7 Rxh2+ 34. Kg4 Re2 35. Bd5 Bd4 36. Kf5 Rg2 37. g4 Rf2 38. Rf7+ Ke8 39. Ke6 Be3 40. Bc6+ Kd8 41. Rd7+ Kc8 42. f5 Rg2 43. Rxg7 Bd4 44. Rg8+ Kc7 45. Bd5 Kb6 46. f6 Rf2 47. g5 c4 48.
Rb8+ 1-0

[Event "*** SCC Grand Prix: Titled Tuesday Blitz"]
[Site "Chess.com"]
[Date "2020.10.13"]
[Round "3"]
[White "WPWPWP-2015"]
[Black "BeanScreen"]
[Result "1-0"]
[WhiteElo "2499"]
[BlackElo "2729"]
[TimeControl "180+1"]
[EndTime "10:29:44 PDT"]
[Termination "WPWPWP-2015 won by checkmate"]

1. e4 e5 2. Nf3 Nc6 3. d4 exd4 4. Nxd4 Bc5 5. Be3 Bb6 6. c3 Nf6 7. Nd2 O-O 8. Bd3 d5 9. Nxc6 bxc6 10. Bxb6 axb6 11.
O-O Re8 12. Re1 dxe4 13. Nxe4 Nd5 14. a3 Bf5 15. Qf3 Bg6 16. h3 Qh4 17. Ng3 Nf4 18. Nf5 Bxf5 19. Bxf5 Qg5 20. Be4 Re6 21. Bxc6 Rd8 22.
Rxe6 fxe6 23. Re1 Rd3 24. Qg4 Qxg4 25. hxg4 Rd2 26. Re4 Nd3 27. Rxe6 Nxf2 28. Bf3 Rxb2 29. Re7 c5 30. Bd5+ Kf8 31. Rf7+ Ke8 32. Rxf2 Rb1+ 33.
Kh2 Rd1 34. c4 Ke7 35. Rb2 Rd3 36. Rxb6 Rxa3 37. Rb7+ Kf6 38. Rc7 Ra5 39. Kg3 h6 40. Kf4 Ra3 41. Rc6+ Ke7 42. Rxc5 Kd6 43. Rc6+ Ke7 44.
Re6+ Kd7 45. Rg6 Ke7 46. Rxg7+ Kf6 47. Rh7 Kg6 48. Be4+ Kf6 49. Rxh6+ Kg7 50. Rg6+ Kf7 51. Rc6 Kg7 52. g5 Kh8 53. Rc7 Kg8 54. g6 Kf8 55. g7+ Kg8 56. Bd5+ Kh7 57. g8=Q+ Kh6 58. Rh7# 1-0

[Event "*** SCC Grand Prix: Titled Tuesday Blitz"]
[Site "Chess.com"]
[Date "2020.10.13"]
[Round "3"]
[White "AlexTriapishko"]
[Black "Balla_Tamas"]
[Result "1-0"]
[WhiteElo "2792"]
[BlackElo "2453"]
[TimeControl "180+1"]
[EndTime "10:29:44 PDT"]
[Termination "AlexTriapishko won by resignation"]

1. Nf3 c5 2. g3 g6 3. c3 Bg7 4. d4 cxd4 5. cxd4 d5 6. Bg2 Nc6 7. O-O Bg4 8. Nc3 Bxf3 9. Bxf3 e6 10. e3 Nge7 11. Bd2 O-O 12. Rc1 Rc8 13. Na4 b6 14. Be2 Qd6 15. Nc3 Nb8 16. Nb5 Qd7 17. Qb3 Rxc1 18. Rxc1 Rc8 19. Rxc8+ Nxc8 20. Qc2 Bf8 21.
Qc7 Qxc7 22. Nxc7 Bd6 23. Nb5 Kf8 24. Nxd6 Nxd6 25. Kg2 f5 26. b3 Nc6 27. f3 Ke7 28.
g4 a5 29. h3 Nb4 30. a3 Nc6 31. Bd3 f4 32. Kf2 fxe3+ 33. Kxe3 b5 34. a4 bxa4 35.
bxa4 Nb4 36. Bxb4 axb4 37. Kd2 Nc4+ 38. Kc2 Na5 39. f4 Kf6 40. h4 h6 41. g5+ Kg7 42. Bb5 hxg5 43. fxg5 Kf7 44. Kb2 Ke7 45. Be2 Kf7 46.
Bg4 Ke7 47. h5 gxh5 48. Bxh5 Kd6 49. g6 Nc4+ 50. Kb3 Nd2+ 51. Kxb4 Ne4 52. g7 Nf6 53. Bf7 e5 54. dxe5+ Kxe5 55. g8=Q Nxg8 56. Bxg8 d4 57.
Bh7 Kd5 58. Kb5 Kd6 59. Kb6 d3 60. Bxd3 1-0

[Event "*** SCC Grand Prix: Titled Tuesday Blitz"]
[Site "Chess.com"]
[Date "2020.10.13"]
[Round "3"]
[White "VincentKeymer"]
[Black "albi1999"]
[Result "1-0"]
[WhiteElo "2843"]
[BlackElo "2614"]
[TimeControl "180+1"]
[EndTime "10:29:45 PDT"]
[Termination "VincentKeymer won by resignation"]

1. Nf3 d5 2. e3 Nf6 3. c4 e6 4. Nc3 b6 5. cxd5 exd5 6. g3 Bd6 7. Bg2 Ba6 8. b4 O-O 9. b5 Bb7 10. Bb2 a6 11. O-O axb5 12. Nxb5 Be7 13. a4 Nbd7 14. Qc2 c6 15. Nbd4 Rc8 16. Nf5 Re8 17. Rfb1 Bf8 18.
a5 g6 19. N5d4 bxa5 20. Bc3 Bb4 21. Bxb4 axb4 22. Rxb4 c5 23. Rxb7 cxd4 24. Qb2 dxe3 25. dxe3 Nc5 26. Rb5 Nce4 27. Nd4 Ng4 28. f3 Nc3 29.
fxg4 Nxb5 30. Qxb5 Qg5 31. Re1 Rxe3 32. Rf1 Re7 33.
Nf3 Qe3+ 34. Kh1 d4 35. h4 Rc1 36. Rxc1 Qxc1+ 37. Kh2 Qe3 38. g5 d3 39. Qd5 Re8 40.
Qd7 Kg7 41. Qd6 Re6 42. Qd5 h6 43. gxh6+ Kxh6 44. Ng5 Rf6 45. Nxf7+ Kg7 46. Ng5 Rf2 47. Qd7+ Kg8 48. Kh3 Rxg2 49. Kxg2 Qe2+ 50. Kh3 Qf1+ 51. Kh2 Qe2+ 52. Kh3 Qf1+ 53. Kg4 Qf5+ 54. Qxf5 gxf5+ 55. Kf3 d2 1-0

[Event "*** SCC Grand Prix: Titled Tuesday Blitz"]
[Site "Chess.com"]
[Date "2020.10.13"]
[Round "3"]
[White "KarstenHansch"]
[Black "tsvet2005"]
[Result "0-1"]
[WhiteElo "2487"]
[BlackElo "2704"]
[TimeControl "180+1"]
[EndTime "10:29:45 PDT"]
[Termination "tsvet2005 won by resignation"]

1. e4 c5 2. Nf3 d6 3. Bb5+ Nd7 4. c3 Nf6 5. Qe2 a6 6. Ba4 b5 7. Bc2 Bb7 8. d4 e6 9. O-O Qc7 10. Re1 Be7 11. e5 dxe5 12. dxe5 Nd5 13. Nbd2 O-O 14. a3 Rfd8 15. c4 Nf4 16. Qe3 Ng6 17. Bxg6 hxg6 18. b3 Nb6 19. Bb2 bxc4 20. Nxc4 Nd5 21. Qe2 Nf4 22. Qe3 g5 23. Rad1 Nxg2 24. Kxg2 g4 25. Nd2 c4 26. Kg3 gxf3 27. Nxc4 Rxd1 28. Rxd1 Rd8 29.
Rxd8+ Qxd8 30. Qd2 Qc7 31. Nd6 Bd5 32. Qf4 f6 33.
Nc4 f5 34. Nd6 g5 35. Qd4 Bxd6 36. exd6 Qxd6+ 37. Kh3 g4+ 38. Kh4 Qe7+ 39. Qf6 Qxf6+ 40. Bxf6 Bxb3 41. Be5 Kf7 42. Kg3 Kg6 43. Bf4 Kf6 44. Be3 e5 45. Bc5 Be6 46. Bb6 f4+ 47. Kh4 e4 48.
Bd4+ Kf5 49. h3 e3 50. hxg4+ Ke4 51. fxe3 f2 0-1

[Event "*** SCC Grand Prix: Titled Tuesday Blitz"]
[Site "Chess.com"]
[Date "2020.10.13"]
[Round "3"]
[White "Gulkov_Igor"]
[Black "Yaacovn"]
[Result "1/2-1/2"]
[WhiteElo "2459"]
[BlackElo "2746"]
[TimeControl "180+1"]
[EndTime "10:29:45 PDT"]
[Termination "Game drawn - insufficient material"]

1. Nf3 b6 2. g3 Bb7 3. Bg2 g6 4.
O-O Bg7 5. d4 Nf6 6. c4 O-O 7. Nc3 Ne4 8. Nxe4 Bxe4 9. Be3 e6 10. Qd2 d6 11. Bh6 Nd7 12. Rad1 Qe7 13. Rfe1 Rfe8 14. Bxg7 Kxg7 15. Qc3 f5 16. Bh3 Bxf3 17.
exf3 Qf6 18. f4 Rad8 19. Bg2 c5 20. Bc6 Re7 21. Bxd7 Rexd7 22. Re3 d5 23. Qe1 dxc4 24. Rxe6 Rxd4 25. Re7+ Kf8 26. Rxd4 Qxd4 27. Rxa7 Qd1 28. Kf1 Qxe1+ 29. Kxe1 b5 30. a3 b4 31. axb4 cxb4 32. Rc7 Rd4 33. Rb7 c3 34. bxc3 bxc3 35. Rc7 Rd3 36.
Ke2 Rd2+ 37. Ke3 Rc2 38. Rxh7 Kg8 39. Rc7 Rc1 40. h4 Re1+ 41. Kf3 Rc1 42. Rc5 Kf7 43. h5 Kg7 44. hxg6 Kxg6 45. Rc6+ Kf7 46. Rc5 Ke6 47.
g4 fxg4+ 48. Kxg4 Kd6 49. Rc8 c2 50. Kf5 Kd7 51. Rc3 Kd6 52. Kf6 Kd5 53. f5 Kd4 54.
Rc8 Kd3 55. Kf7 Rf1 56. f6 c1=Q 57. Rxc1 Rxc1 58. Ke7 Rc7+ 59. Kd6 Ra7 60. Ke6 Ke4 61. f7 Rxf7 62. Kxf7 Kf3 63. Kf6 Kxf2 1/2-1/2

[Event "*** SCC Grand Prix: Titled Tuesday Blitz"]
[Site "Chess.com"]
[Date "2020.10.13"]
[Round "3"]
[White "PavelShkapenko"]
[Black "Susal_De_Silva"]
[Result "1/2-1/2"]
[WhiteElo "2702"]
[BlackElo "2448"]
[TimeControl "180+1"]
[EndTime "10:29:45 PDT"]
[Termination "Game drawn by repetition"]

1. e4 e5 2. Nf3 d6 3. Bc4 Be7 4. c3 Nf6 5. d3 O-O 6. O-O a5 7.
Bb3 c6 8. Re1 Na6 9. Bc2 Bg4 10.
Nbd2 Nc5 11. Nf1 Re8 12. Ng3 Nh5 13. h3 Bxf3 14. Qxf3 Nxg3 15. Qxg3 Ne6 16. Bb3 Bh4 17. Qg4 a4 18. Bc2 Qf6 19. Be3 Bg5 20. g3 Qg6 21. Bxg5 Nxg5 22. Kg2 Ne6 23. Qxg6 hxg6 24. h4 g5 25. Rh1 gxh4 26. Rxh4 f6 27. Rah1 Kf7 28. Bd1 Ke7 29. Rh7 b5 30. Bg4 Rg8 31. f4 c5 32. Kf3 Rab8 33. Bxe6 Kxe6 34. f5+ Kf7 35. g4 Rbf8 36. g5 Ke8 37. Rg1 fxg5 38. Rxg5 Rf7 39. Rg6 Rd7 40. Ke3 b4 41. c4 a3 42. b3 Kf8 43. f6 Rc7 44. fxg7+ Rcxg7 45. Rhxg7 Rxg7 46. Rxg7 Kxg7 47. Kf3 Kf6 48. Kg4 Kg6 49. Kh4 Kh6 50.
Kg4 Kg6 51. Kh4 Kh6 52. Kg4 Kg6 1/2-1/2

[Event "*** SCC Grand Prix: Titled Tuesday Blitz"]
[Site "Chess.com"]
[Date "2020.10.13"]
[Round "3"]
[White "Slovak_fighter2000"]
[Black "Ginger_GM"]
[Result "0-1"]
[WhiteElo "2403"]
[BlackElo "2595"]
[TimeControl "180+1"]
[EndTime "10:29:46 PDT"]
[Termination "Ginger_GM won by checkmate"]

1. Nf3 f5 2. e4 fxe4 3. Ng5 Nc6 4. d3 e3 5. Bxe3 e5 6. Be2 Be7 7. Nf3 Nf6 8. d4 e4 9. Ne5 O-O 10. c4 d6 11. Nxc6 bxc6 12. d5 c5 13. Nc3 Qe8 14. Qc2 Qg6 15. O-O-O Rb8 16. h3 Nh5 17. Qxe4 Qxe4 18.
Nxe4 Nf4 19. Bf1 Ng6 20. g3 Bf5 21. Bd3 Ne5 22. Bc2 Nxc4 23. b3 Nxe3 24. fxe3 Bxe4 25. Bxe4 Bg5 26. Rhf1 Bxe3+ 27. Kc2 Bf2 28. Rd2 Bxg3 29. Rg1 Be5 30. Rdg2 Rf4 31. Bd3 a5 32. Bc4 Rbf8 33. Rd2 Rf2 34. Rxf2 Rxf2+ 35. Kd3 Rxa2 36. Rf1 g6 37.
Rf3 Rh2 38. Ke4 Kg7 39. Re3 Rf2 40. Kd3 h5 41. Ke4 Rd2 42. Be2 Rd4+ 43. Kf3 g5 44.
Kg2 Kg6 45. Bd3+ Kh6 46. Be2 g4 47. hxg4 hxg4 48. Rd3 Re4 49. Bf1 Kg5 50. Rd2 Bf4 51. Ra2 Re3 52. Rxa5 Rg3+ 53. Kf2 Rxb3 54. Ra7 Rb2+ 55.
Kg1 g3 56. Rxc7 Kg4 57. Rg7+ Kf3 58. Rg8 Be3+ 59. Kh1 Rh2# 0-1

[Event "*** SCC Grand Prix: Titled Tuesday Blitz"]
[Site "Chess.com"]
[Date "2020.10.13"]
[Round "3"]
[White "tylityli"]
[Black "Region_07"]
[Result "1-0"]
[WhiteElo "2206"]
[BlackElo "2336"]
[TimeControl "180+1"]
[EndTime "10:29:46 PDT"]
[Termination "tylityli won on time"]

1. d4 d5 2. c4 Nc6 3. Nf3 Bg4 4. Nc3 e6 5. e3 Nf6 6. Be2 dxc4 7. O-O Bd6 8. Qa4 O-O 9. Qxc4 Qe7 10. a3 a6 11. b4 e5 12. d5 Nb8 13. e4 Nbd7 14.
h3 Bh5 15. g4 Bg6 16. Bg5 h6 17. Be3 Nh7 18. Kg2 Ng5 19. Nxg5 hxg5 20. Rac1 a5 21. Nb5 axb4 22. Nxd6 cxd6 23. axb4 Ra3 24.
Bf3 Rfa8 25. Qc7 b5 26. Rc6 Rb3 27. Rxd6 Rd8 28. Bc5 Rxf3 29. Kxf3 Bxe4+ 30. Kg3 f5 31. gxf5 Bxf5 32. Re6 Qf7 33. Qxd8+ Kh7 34. Qxg5 Bxe6 35.
dxe6 Qxe6 36. Re1 e4 37. Qg4 Qe5+ 38. Kg2 Nf6 39. Qh4+ Kg8 40. Be3 Qf5 41. Qg3 Nd7 42.
Qg4 Qf7 43. Qxe4 Nf6 44. Qf3 Qg6+ 45. Qg3 Qe4+ 46. Kh2 Nh5 47. Qg4 Qe5+ 48. f4 Qd5 49.
Rg1 Kh7 50. Qg5 Qf3 51. Qg3 Kg8 52. Qxf3 1-0

[Event "*** SCC Grand Prix: Titled Tuesday Blitz"]
[Site "Chess.com"]
[Date "2020.10.13"]
[Round "3"]
[White "KyrgyzFighter"]
[Black "Skatchkov_V"]
[Result "1-0"]
[WhiteElo "2393"]
[BlackElo "2559"]
[TimeControl "180+1"]
[EndTime "10:29:47 PDT"]
[Termination "KyrgyzFighter won by resignation"]

1. c4 e5 2. Nc3 Nf6 3. Nf3 Nc6 4. e3 Bb4 5. Qc2 Bxc3 6. bxc3 e4 7.
Ng5 Qe7 8. d3 exd3 9. Bxd3 Ne5 10.
O-O Nxd3 11. Qxd3 h6 12. Nf3 d6 13. Re1 Qe4 14. Qd4 Be6 15. Nd2 Qc2 16. c5 dxc5 17.
Qxc5 c6 18. c4 Nd7 19. Qd6 O-O-O 20. Qb4 Nb6 21. c5 Nd5 22. Qa5 Kb8 23. Nf3 Nc3 24.
Ba3 Ne4 25. Rf1 Bc4 26. Rac1 Qd3 27. Ne5 Qxf1+ 28. Rxf1 Bxf1 29. Kxf1 Rd2 30. f3 Rhd8 31. fxe4 f6 32. Nf3 Rd1+ 33. Ke2 R8d7 34. Nd4 Rg1 35. Kf2 Ra1 36. Bb2 Rb1 37. Qb4 Kc8 38. Qb3 Rh1 39.
Qg8+ Rd8 40. Qxg7 Rd1 41. Ne6 R1d7 42. Qxf6 Re8 43. Bd4 Rde7 44. Nf4 Rxe4 45. Qf5+ Kb8 46. Nd3 R4e7 47. Be5+ Ka8 48. Bd6 Rg7 49. Ne5 Rgg8 50. Ke2 b6 51. cxb6 axb6 52. Qd7 Rc8 53. Nxc6 1-0